 Dungeon Crawl Stone Soup version 0.32-a0-913-g739538afd8 (webtiles) character file.

Game seed: 12521511034209948989

22 Heh the Slasher (level 2, -4/24 HPs)
             Began as a Coglin Monk on Apr 8, 2024.
             Slain by a gnoll
             ... wielding a +0 whip
              (6 damage)
             ... on level 2 of the Dungeon.
             The game lasted 00:00:35 (611 turns).

Heh the Slasher (Coglin Monk)                        Turns: 611, Time: 00:00:36

Health: -4/24      AC:  2    Str: 11    XL:     2   Next: 91%
Magic:  2/2        EV: 12    Int:  9    God:
Gold:   33         SH:  0    Dex: 16    Spells: 1/1 levels left

rFire   . . .        a - +0 falchion {Duaenre}
rCold   . . .        d - orb {light}
rNeg    . . .        b - +0 robe
rPois   .            (no helmet)
rElec   .            (no cloak)
rCorr   .            (no gloves)
SInv    .            (no boots)
Will    .....        (amulet unavailable)
Stlth   +            (ring unavailable)
HPRegen 0.24/turn    (ring unavailable)
MPRegen 0.08/turn    (no gizmo)

%: no passive effects
@: glowing, revved
A: off-hand wielding, slow wielding, warmup strikes, no jewellery
a: Invent Gizmo


You were on level 2 of the Dungeon.
You visited 1 branch of the dungeon, and saw 2 of its levels.

You collected 33 gold pieces.

Inventory:

Hand Weapons
 a - a +0 falchion (weapon) {Duaenre}
Armour
 b - a +0 robe (worn)
 d - an orb of light (worn)
Scrolls
 h - 2 scrolls of identify {unknown}
 i - a scroll of immolation {unknown}
Potions
 c - a potion of ambrosia
 e - a potion of brilliance {unknown}
 f - a potion of heal wounds {unknown}
 g - a potion of curing {unknown}


   Skills:
 - Level 3.0 Fighting
 + Level 4.0 Long Blades
 - Level 2.6 Dodging


You had one spell level left.
You didn't know any spells.
Your spell library was empty.

Dungeon Overview and Level Annotations

Branches:
Dungeon (2/15)

Altars:

Shops:
D:1 [


Innate Abilities, Weirdness & Mutations

You can wield a second weapon in your off-hand.
It takes a long time for you to wield or remove held weapons.
Your first few attacks do less damage.
You cannot equip rings or amulets.


Message History

You kill the hobgoblin!
No target in view!
No target in view!
No target in view!
No target in view!
No target in view!
No target in view!
No target in view!
No target in view!
A gnoll comes into view. It is wielding a +0 whip.
The gnoll shouts!
You hear a shout!
A gnoll is nearby!
A gnoll is nearby!
The gnoll hits you with a +0 whip.
You see here a hobgoblin corpse.
You hit the gnoll.
The gnoll is lightly wounded.
The gnoll hits you with a +0 whip.
You hit the gnoll but do no damage.
The gnoll is lightly wounded.
The gnoll hits you with a +0 whip.
You hit the gnoll.
The gnoll is moderately wounded.
The gnoll hits you with a +0 whip.
You are too injured to fight recklessly!
You are too injured to fight recklessly!
You are too injured to fight recklessly!
You are too injured to fight recklessly!
A gnoll is nearby!
A gnoll is nearby!
A gnoll is nearby!
You hit the gnoll but do no damage.
The gnoll is moderately wounded.
The gnoll hits you with a +0 whip.
* * * LOW HITPOINT WARNING * * *
A gnoll comes into view. It is wielding a +0 whip.
You hit the gnoll but do no damage.
The gnoll is moderately wounded.
The gnoll hits you with a +0 whip.
You die...

#.#...#
#†#####
#.# #.#
###.#
+...#
###.#####
#.....#
#####@#
#g.......
g........
#####?####
... .## #


You could see 2 gnolls.

Vanquished Creatures
  A dart slug (D:1)
  3 bats
  An endoplasm (D:1)
  2 hobgoblins
  3 jackals (D:1)
  A quokka (D:1)
  4 ball pythons
  A frilled lizard (D:2)
  A rat (D:2)
17 creatures vanquished.

Notes
Turn   | Place    | Note
-------+----------+-------------------------------------------
     0 | D:1      | Heh the Coglin Monk began the quest for the Orb.
     0 | D:1      | Reached XP level 1. HP: 18/18 MP: 1/1
    88 | D:1      | Found Qilotut's Antique Armour Emporium.
   224 | D:1      | Reached XP level 2. HP: 19/24 MP: 2/2
   591 | D:2      | Reached skill level 4 in Long Blades
   611 | D:2      | Slain by a gnoll

Illustrated notes

Levels and vault maps discovered:
D:1:      ncdulo_lavacross, layout_basic, serial_shops, nicolae_shop_tiny_glass,
          moated_statue
D:2:      layout_basic, basic_altar, grunt_ministairs_5

Skill      XL: |  1  2 |
---------------+-------+-----
Long Blades    | 4 |  4.0
Fighting       | |  3.0
Dodging        | |  2.6

Action                     || total
---------------------------++-------
  Melee: Falchion          ||    55
 Armour: Robe              ||    37
  Dodge: Dodged            ||    56

Table legend: (Time is in decaauts)
 A = Elapsed time spent in this place.
 B = Non-inter-level travel time spent in this place.
 C = Inter-level travel time spent in this place.
 D = Time resting spent in this place.
 E = Time spent auto-exploring this place.
 F = Levels seen in this place.
 G = Mean time per level.
                   A        B        C        D        E       F      G
               +--------+--------+--------+--------+--------+-----+--------+
         Total |    616 |    603 |     13 |      0 |    493 |   2 |  308.0 |
       Dungeon |    616 |    603 |     13 |      0 |    493 |   2 |  308.0 |
               +--------+--------+--------+--------+--------+-----+--------+

Top non-repeatable levels by time:
     D:1: 528 daAuts
     D:2: 88 daAuts
